 Dungeon Crawl Stone Soup version 0.28.0-53-g5a82cb258f (webtiles) character file.

Game seed: 13513239045096664951

61 lonewolfV2 the Chopper (level 3, 0/27 HPs)
             Began as a Demonspawn Gladiator on May 23, 2022.
             Slain by Terence
             ... wielding a +0 short sword
              (2 damage)
             ... on level 2 of the Dungeon.
             The game lasted 00:02:50 (2463 turns).

lonewolfV2 the Chopper (Demonspawn Gladiator)       Turns: 2463, Time: 00:02:50

Health: 0/27       AC:  4    Str: 16    XL:     3   Next: 83%
Magic:  3/3        EV: 12    Int:  9    God:
Gold:   52         SH:  0    Dex: 14    Spells: 2/2 levels left

rFire   . . .      SeeInvis .   a - +0 war axe
rCold   . . .      Faith    .   (no shield)
rNeg    . . .      Spirit   .   b - +0 leather armour
rPois   .          Reflect  .   c - +0 helmet
rElec   .          Harm     .   (no cloak)
rCorr   .          Rampage  .   (no gloves)
Will    +....                   (no boots)
Stlth   +.........              (no amulet)
HPRegen 0.09/turn               (no ring)
MPRegen 0.16/turn               (no ring)

@: no status effects
A: demonic guardian 1, magic regeneration, strong-willed 1, mutation resistance
1
a: no special abilities


You were on level 2 of the Dungeon.
You visited 1 branch of the dungeon, and saw 2 of its levels.

You collected 52 gold pieces.

Inventory:

Hand Weapons
 a - a +0 war axe (weapon)
Missiles
 d - 3 throwing nets (quivered)
Armour
 b - a +0 leather armour (worn)
 c - a +0 helmet (worn)
Jewellery
 m - a +6 ring of intelligence
Scrolls
 g - a scroll of teleportation {unknown}
 h - 2 scrolls of identify {unknown}
 i - a scroll of amnesia {unknown}
 l - a scroll of enchant weapon {unknown}
 n - a scroll of acquirement {unknown}
Potions
 e - a potion of might {unknown}
 f - a potion of mutation
 j - a potion of invisibility {unknown}
 k - 2 potions of curing {unknown}


   Skills:
 + Level 2.3 Fighting
 + Level 3.7 Axes
 + Level 1.8 Throwing
 + Level 1.0 Armour
 + Level 3.0 Dodging


You had 2 spell levels left.
You didn't know any spells.
Your spell library was empty.

Dungeon Overview and Level Annotations

Branches:
Dungeon (2/15)

Altars:

Annotations:
D:2 Terence


Innate Abilities, Weirdness & Mutations

A weak demonic guardian rushes to your aid.
You regenerate magic rapidly.
You are strong-willed. (Will+)
You are somewhat resistant to further mutation.


Message History

Terence is nearby!
Terence is nearby!
Terence hits you but does no damage.
You hit Terence.
Terence is moderately wounded.
Terence hits you with a +0 short sword.
You barely miss Terence.
Terence is lightly wounded.
Terence barely misses you.
You hit Terence but do no damage.
Terence is lightly wounded.
Terence barely misses you. Terence misses you.
You hit Terence but do no damage.
Terence is lightly wounded.
Terence hits you with a +0 short sword.
You barely miss Terence.
Terence is lightly wounded.
Terence misses you.
You hit Terence but do no damage.
Terence is lightly wounded.
Terence hits you with a +0 short sword. Terence misses you.
You hit Terence but do no damage.
Terence is lightly wounded.
Terence hits you with a +0 short sword.
You hit Terence.
Terence is moderately wounded.
Terence hits you with a +0 short sword.
* * * LOW HITPOINT WARNING * * *
You closely miss Terence.
Terence is lightly wounded.
Terence barely misses you. Terence closely misses you.
You barely miss Terence.
Terence is lightly wounded.
Terence hits you with a +0 short sword.
* * * LOW HITPOINT WARNING * * *
A demonic guardian appears!
It was a potion of mutation.
You feel extremely strange.
You feel strong-willed.
You feel genetically stable. Terence hits you with a +0 short sword.
You die...

##.##.##.#.#####.........#.....#
...##.##.#...###############.###
#####..........# #.# #
####.#...#.# #.# # ####.##.##.#
#.# ##
#(......##.#############.####
.####.##.##.##.#.....##<...†....#
.##...##.##.##.#@....##.#.##.##.#
..#......##.##5.@....##.#.##.##.#
#.##..#####.####.....##.#....##.#
......# #.# #.....##.#.##.##.#
.####.......# ########.#.......#
### #######.# #......#### ..#
###.#### #.# #.# #.## #.# ...#
#.#


You could see Terence (ally target) and a friendly quasit (summoned).

Vanquished Creatures
  A worm (D:2)
  7 ball pythons
  9 endoplasms
  2 giant cockroaches (D:2)
  3 goblins
  5 hobgoblins
  5 kobolds
  5 quokkas
  3 bats (D:2)
  3 frilled lizards (D:1)
  5 rats
48 creatures vanquished.

Vanquished Creatures (collateral kills)
  A giant cockroach (D:2)
  A hobgoblin (D:2)
  A kobold (D:2)
  A goblin (D:1)
4 creatures vanquished.

Grand Total: 52 creatures vanquished

Notes
Turn   | Place    | Note
-------+----------+-------------------------------------------
     0 | D:1      | lonewolfV2 the Demonspawn Gladiator began the quest for the
                  | Orb.
     0 | D:1      | Reached XP level 1. HP: 16/16 MP: 1/1
   212 | D:1      | Gained mutation: A weak demonic guardian rushes to your
                  | aid. [demonic ancestry]
   212 | D:1      | Reached XP level 2. HP: 14/22 MP: 2/2
  1113 | D:1      | Gained mutation: You regenerate magic rapidly. [demonic
                  | ancestry]
  1113 | D:1      | Reached XP level 3. HP: 27/27 MP: 3/3
  2230 | D:2      | Reached skill level 1 in Armour
  2342 | D:2      | Found a faded altar of an unknown god.
  2450 | D:2      | Noticed Terence
  2463 | D:2      | Gained mutation: You are strong-willed. (Will+) [potion of
                  | mutation]
  2463 | D:2      | Gained mutation: You are somewhat resistant to further
                  | mutation. [potion of mutation]
  2463 | D:2      | Slain by Terence

Illustrated notes

Levels and vault maps discovered:
D:1:      ncdulo_smallfort, layout_rooms, minmay_hedge_maze
D:2:      minmay_skewed_foursquare, layout_loops_cross,
          hellmonk_ecumenical_altar_blasted, uniq_terence

Skill      XL: |  1  2  3 |
---------------+----------+-----
Axes           | 3 |  3.7
Dodging        | 3 |  3.0
Armour         | 1 |  1.0
Fighting       | |  2.3
Throwing       | |  1.8

Action                   || total
-------------------------++-------
Melee: War axe           ||   109
       Punch             ||     2
  Use: Potion            ||     1
Armor: Leather armour    ||    30
Dodge: Dodged            ||    81
